AoeStats
← AgusAoE

Hideout

510145873Analyzed
1v1 RM · 4d ago on Sep 29, 2026· 42m 24s· 2 players
Game mode
Random Map
Map size
Tiny (2 player)
Population
200
Speed
Normal
Resources
Standard
Victory
Conquest
Starting age
Dark Age
Ending age
Imperial Age
RankedLock teamsTeams togetherTeam positionsShared explorationLock speedFull tech treeHidden civsTurbo modeCheats
Victory
Defeat
🇨🇭 Koreans · Switzerland
1117
+15
🇦🇷 Spanish · Argentina
1089
-15
AgusAoE
10:31 Feudal Age
8:48 Loom
12:37 Fletching
14:05 Padded Archer Armor
23:32 Castle Age
21:50 Double-Bit Axe
21:46 Horse Collar
21:58 Gold Mining
22:00 Stone Mining
24:19 Bodkin Arrow
24:57 Scale Barding Armor
27:51 Bloodlines
27:41 Husbandry
28:27 Forging
36:34 Bow Saw
36:26 Heavy Plow
37:03 Stone Shaft Mining
40:35 Imperial Age
afsalaza
10:16 Feudal Age
14:03 Castle Age
12:04 Double-Bit Axe
14:10 Horse Collar
16:58 Loom
24:55 Wheelbarrow
31:07 Imperial Age
29:39 Fletching
31:26 Bodkin Arrow
31:03 Pikeman
31:44 Squires
35:54 Elite Fire Lancer
38:07 Forging
37:57 Scale Mail Armor
43:37 Iron Casting
43:17 Chain Mail Armor
Connection lost

Rejoining the realm…

Still unreachable

The connection could not be restored.

Session expired

The server has moved on; the page needs a fresh start.